[Event "45th FIDE Olympiad 2024"]
[Site "Budapest"]
[Date "2024.09.13"]
[Round "3.235"]
[White "Mushore, Emarald Takudzwa"]
[Black "Victor, Wyclef"]
[Result "1-0"]
[ECO "B33"]
[WhiteElo "2150"]
[BlackElo "1924"]
[Annotator "RC"]
[PlyCount "89"]
[EventDate "2024.09.05"]
[EventType "team-tourn"]
[EventCountry "HUN"]
[SourceTitle "playchess.com"]
[Source "ChessBase"]
[SourceQuality "1"]
[WhiteTeam "Zimbabwe"]
[BlackTeam "Haiti"]
[WhiteTeamCountry "ZIM"]
[BlackTeamCountry "HAI"]
[TimeControl "40/5400+30:1800+30"]

1. e4 c5 2. Nf3 Nc6 3. d4 cxd4 4. Nxd4 Nf6 5. Nc3 e5 6. Ndb5 d6 7. Bg5 a6 8. Na3 b5 9. Nd5 Be7 10. Bxf6 Bxf6 11. c3 O-O 12. g3 Be6 13. Nxf6+ Qxf6 14. Bg2 Rfd8 15. Nc2 a5 16. Ne3 b4 17. O-O Qe7 18. Qa4 Qb7 19. Rfd1 Ne7 20. c4 Nc6 21. Nf5 Qc7 22. Qxc6 Qxc6 23. Ne7+ Kf8 24. Nxc6 Rdc8 25. Rxd6 Ra6 26. Rxe6 fxe6 27. Nxe5 Rd6 28. Bf1 Rd4 29. f4 Rd2 30. b3 Ke7 31. a3 Rb2 32. axb4 axb4 33. Ra7+ Kd6 34. Rd7+ Kc5 35. Nd3+ Kc6 36. Nxb2 Kxd7 37. Nd3 Rb8 38. Kf2 Ra8 39. Nxb4 Ra3 40. Nd3 Kc6 41. b4 Rc3 42. Ke3 Rc2 43. b5+ Kb6 44. c5+ Kb7 45. Be2 1-0

[Event "45th FIDE Olympiad 2024"]
[Site "Budapest"]
[Date "2024.09.13"]
[Round "3.236"]
[White "Guillaume, Jude Mirvens"]
[Black "Mapuranga, Vitalis"]
[Result "1/2-1/2"]
[ECO "E70"]
[WhiteElo "1956"]
[BlackElo "2013"]
[Annotator "NA RC"]
[PlyCount "133"]
[EventDate "2024.09.05"]
[EventType "team-tourn"]
[EventCountry "HUN"]
[SourceTitle "playchess.com"]
[Source "ChessBase"]
[SourceQuality "1"]
[WhiteTeam "Haiti"]
[BlackTeam "Zimbabwe"]
[WhiteTeamCountry "HAI"]
[BlackTeamCountry "ZIM"]
[TimeControl "40/5400+30:1800+30"]

1. d4 c5 2. d5 Nf6 3. c4 e6 4. Nc3 exd5 5. Nxd5 Nxd5 6. cxd5 d6 7. e4 g6 8. Bd3 Bg7 9. Ne2 O-O 10. O-O a6 11. a4 Nd7 12. f4 Rb8 13. a5 Nf6 14. h3 Re8 15. Nc3 Nh5 16. Qf3 b5 17. Be3 b4 18. Nd1 Nf6 19. Bf2 c4 20. Bc2 b3 21. Bb1 Nd7 22. Nc3 Qc7 23. Ra4 Bb7 24. h4 Rbc8 25. h5 Nf6 26. hxg6 hxg6 27. Bb6 Qd7 28. Rb4 Ng4 29. Rd1 f5 30. Rd2 Qf7 31. Ne2 Nf6 32. exf5 gxf5 33. Bxf5 Nxd5 34. Bxc8 Rxc8 35. Rxd5 Bxd5 36. Qg4 Re8 37. Bd4 Be6 38. Qxg7+ Qxg7 39. Bxg7 Kxg7 40. Rb6 Bg4 41. Nc3 Re1+ 42. Kf2 Rc1 43. Kg3 Bf5 44. Rxd6 Rxc3+ 45. bxc3 b2 46. Rb6 b1=Q 47. Rxb1 Bxb1 48. Kh4 Be4 49. g4 Kf6 50. Kg3 Bc6 51. Kh4 Be4 52. Kh5 Bd3 53. Kh4 Bg6 54. Kg3 Be8 55. Kf3 Bd7 56. Kg3 Bc6 57. Kh4 Ba4 58. Kh5 Bd1 59. Kh4 Bf3 60. Kg3 Be2 61. Kh4 Kg6 62. Kg3 Bd1 63. Kh4 Bf3 64. Kg3 Bc6 65. Kf2 Bd7 66. Kf3 Bc8 67. Ke4 1/2-1/2

[Event "45th FIDE Olympiad 2024"]
[Site "Budapest"]
[Date "2024.09.13"]
[Round "3.237"]
[White "Liyanage, Ranindu Dilshan"]
[Black "Miguel, Sergio"]
[Result "1-0"]
[ECO "C55"]
[WhiteElo "2366"]
[BlackElo "2241"]
[Annotator "RC"]
[PlyCount "89"]
[EventDate "2024.09.05"]
[EventType "team-tourn"]
[EventCountry "HUN"]
[SourceTitle "playchess.com"]
[Source "ChessBase"]
[SourceQuality "1"]
[WhiteTeam "Sri Lanka"]
[BlackTeam "Angola"]
[WhiteTeamCountry "SRI"]
[BlackTeamCountry "ANG"]
[TimeControl "40/5400+30:1800+30"]

1. e4 e5 2. Nf3 Nc6 3. Bc4 Nf6 4. d3 h6 5. c3 d6 6. a4 g6 7. a5 a6 8. Qb3 Qe7 9. O-O Bg7 10. Re1 O-O 11. d4 Nd8 12. Nbd2 Nh7 13. Qa3 Qf6 14. Nf1 Bg4 15. dxe5 dxe5 16. N3d2 Be6 17. Ne3 Bxc4 18. Ndxc4 Qh4 19. Nd5 Ne6 20. Qe7 Qg4 21. h3 Qh5 22. Kh2 g5 23. Nde3 Rfd8 24. Ng4 Bf8 25. Qf6 Nc5 26. Qf3 Bg7 27. Be3 Nd3 28. Red1 Qg6 29. Rxd3 Rxd3 30. Ngxe5 Qe6 31. Nxd3 Qxc4 32. Nc5 Re8 33. Ra4 Qb5 34. Rb4 Qxa5 35. Rxb7 Bf8 36. b4 Bd6+ 37. g3 Qa2 38. Bd4 Qc2 39. Nd3 h5 40. e5 g4 41. hxg4 Ng5 42. Qf5 Be7 43. Rxc7 Bd8 44. Rd7 hxg4 45. Qxg4 1-0

[Event "45th FIDE Olympiad 2024"]
[Site "Budapest"]
[Date "2024.09.13"]
[Round "3.238"]
[White "Silva, David"]
[Black "Amarathunga, Kosala Sandeepa Cham"]
[Result "1-0"]
[ECO "C00"]
[WhiteElo "2363"]
[BlackElo "1956"]
[Annotator "RC"]
[PlyCount "77"]
[EventDate "2024.09.05"]
[EventType "team-tourn"]
[EventCountry "HUN"]
[SourceTitle "playchess.com"]
[Source "ChessBase"]
[SourceQuality "1"]
[WhiteTeam "Angola"]
[BlackTeam "Sri Lanka"]
[WhiteTeamCountry "ANG"]
[BlackTeamCountry "SRI"]
[TimeControl "40/5400+30:1800+30"]

1. e4 e6 2. Qe2 c5 3. Nf3 Nc6 4. g3 g6 5. Bg2 d6 6. O-O Bg7 7. c3 Nge7 8. Rd1 e5 9. Na3 O-O 10. Nc2 Qb6 11. Ne3 h6 12. d3 Be6 13. Nh4 Rae8 14. Rf1 f5 15. Nd5 Bxd5 16. exd5 Nb8 17. Rb1 a5 18. Qd1 Nd7 19. b4 axb4 20. cxb4 Nf6 21. Be3 Qc7 22. bxc5 dxc5 23. Qb3 Qd6 24. Rfc1 Nd7 25. f4 exf4 26. Bxf4 Ne5 27. Nf3 Kh7 28. Kh1 Nc8 29. d4 cxd4 30. Nxd4 Rf7 31. Ne6 Bf6 32. Re1 g5 33. Bxe5 Bxe5 34. Qe3 Bf6 35. Nxg5+ Bxg5 36. Qxe8 Rc7 37. Re6 Qd7 38. Qg6+ Kh8 39. Re8+ 1-0

[Event "45th FIDE Olympiad 2024"]
[Site "Budapest"]
[Date "2024.09.13"]
[Round "3.239"]
[White "Kodithuwakku, K K Dinujaya"]
[Black "Junior, Domingos"]
[Result "1-0"]
[ECO "B13"]
[WhiteElo "1827"]
[BlackElo "2183"]
[Annotator "RC"]
[PlyCount "117"]
[EventDate "2024.09.05"]
[EventType "team-tourn"]
[EventCountry "HUN"]
[SourceTitle "playchess.com"]
[Source "ChessBase"]
[SourceQuality "1"]
[WhiteTeam "Sri Lanka"]
[BlackTeam "Angola"]
[WhiteTeamCountry "SRI"]
[BlackTeamCountry "ANG"]
[TimeControl "40/5400+30:1800+30"]

1. e4 c6 2. d4 d5 3. exd5 cxd5 4. Bd3 Nc6 5. c3 Qc7 6. Ne2 e6 7. Bf4 Bd6 8. Bxd6 Qxd6 9. O-O Nf6 10. Nd2 O-O 11. f4 a6 12. Qc2 b5 13. a3 Bb7 14. Nf3 Rac8 15. Ne5 Na5 16. Ng3 Nc4 17. Qe2 Qe7 18. f5 Rce8 19. Rae1 Qc7 20. Ng4 Nxg4 21. Qxg4 exf5 22. Nxf5 f6 23. Nh6+ Kh8 24. Rxe8 Rxe8 25. Qh5 g6 26. Bxg6 Rf8 27. Nf7+ Rxf7 28. Bxf7 Qe7 29. Bxd5 Ne3 30. Qf7 Nxd5 31. Qxe7 Nxe7 32. Rxf6 Kg7 33. Rb6 Bc8 34. Kf2 Kf7 35. h3 Nd5 36. Rd6 Nf6 37. Rc6 Be6 38. Rxa6 Ke7 39. a4 bxa4 40. Rxa4 Ne4+ 41. Ke3 Nd6 42. Ra7+ Bd7 43. Kd3 Nb5 44. Ra5 Bf5+ 45. Kd2 Nd6 46. b3 Be4 47. g3 Bg6 48. Ke3 Bc2 49. Ra7+ Ke6 50. Ra3 Nb5 51. Ra6+ Kd7 52. c4 Nd6 53. Ra7+ Ke6 54. d5+ Kf6 55. Ra3 Ke5 56. g4 Ne4 57. Ra7 Nc5 58. b4 Na4 59. Ra6 1-0

[Event "45th FIDE Olympiad 2024"]
[Site "Budapest"]
[Date "2024.09.13"]
[Round "3.240"]
[White "Domingos, Catarino"]
[Black "Bandara, Dhanushka"]
[Result "1/2-1/2"]
[ECO "E04"]
[WhiteElo "2229"]
[BlackElo "1903"]
[Annotator "RC"]
[PlyCount "176"]
[EventDate "2024.09.05"]
[EventType "team-tourn"]
[EventCountry "HUN"]
[SourceTitle "playchess.com"]
[Source "ChessBase"]
[SourceQuality "1"]
[WhiteTeam "Angola"]
[BlackTeam "Sri Lanka"]
[WhiteTeamCountry "ANG"]
[BlackTeamCountry "SRI"]
[TimeControl "40/5400+30:1800+30"]

1. Nf3 Nf6 2. g3 d5 3. Bg2 c5 4. O-O Nc6 5. d4 e6 6. c4 dxc4 7. dxc5 Qxd1 8. Rxd1 Bxc5 9. Nbd2 c3 10. bxc3 e5 11. Nb3 Be7 12. Be3 Bf5 13. Nh4 Be4 14. f3 Bg6 15. Nc5 Na5 16. Bf2 Rc8 17. Nxg6 hxg6 18. Nd3 Nd7 19. Rab1 b6 20. Rb5 f6 21. Rd5 Rc7 22. h4 Nb8 23. f4 exf4 24. Nxf4 Rxc3 25. Nxg6 Rh6 26. Nxe7 Kxe7 27. Be1 Rc4 28. Rd8 Nac6 29. Rc8 Rh5 30. Rc7+ Kf8 31. Rc8+ Ke7 32. Bf3 Re5 33. Bf2 Rc2 34. Kf1 Re6 35. Bg4 Rd6 36. Rc7+ Kd8 37. Rc8+ Ke7 38. Rxd6 Kxd6 39. Be3 Nd7 40. Bf4+ Nde5 41. Rg8 Ke7 42. Bf5 Rxa2 43. Rxg7+ Kf8 44. Rc7 Nd4 45. Bd3 Nxd3 46. exd3 Ne6 47. Bd6+ Kg8 48. Re7 Ng7 49. Rd7 b5 50. g4 Ra4 51. g5 fxg5 52. hxg5 Nf5 53. Be5 Rg4 54. Bf6 a5 55. Kf2 Nh4 56. d4 b4 57. Rb7 Rg2+ 58. Kf1 Rd2 59. Rb5 Kf7 60. d5 Nf3 61. Rxa5 b3 62. Rb5 b2 63. Bxb2 Nxg5 64. Bc3 Rc2 65. Rb7+ Kg6 66. Bb4 Ne4 67. Re7 Kf5 68. d6 Nxd6 69. Bxd6 Kf6 70. Re8 Kf7 71. Re3 Kf6 72. Bg3 Kf5 73. Bf2 Kf4 74. Kg2 Ra2 75. Rd3 Ra4 76. Rh3 Ra2 77. Rh4+ Kg5 78. Rd4 Ra3 79. Bg3 Kf5 80. Rf4+ Kg5 81. Kh3 Rb3 82. Re4 Kf5 83. Re5+ Kf6 84. Rd5 Rb4 85. Rc5 Ke6 86. Be1 Re4 87. Bc3 Kd6 88. Rc8 Kd7 1/2-1/2

[Event "45th FIDE Olympiad 2024"]
[Site "Budapest"]
[Date "2024.09.13"]
[Round "3.241"]
[White "Blackman, Justin"]
[Black "Mwali, Chitumbo"]
[Result "0-1"]
[ECO "C55"]
[WhiteElo "2265"]
[BlackElo "2312"]
[Annotator "RC"]
[PlyCount "74"]
[EventDate "2024.09.05"]
[EventType "team-tourn"]
[EventCountry "HUN"]
[SourceTitle "playchess.com"]
[Source "ChessBase"]
[SourceQuality "1"]
[WhiteTeam "Barbados"]
[BlackTeam "Zambia"]
[WhiteTeamCountry "BAR"]
[BlackTeamCountry "ZAM"]
[TimeControl "40/5400+30:1800+30"]

1. e4 e5 2. Nf3 Nc6 3. Bc4 Nf6 4. d3 Be7 5. O-O O-O 6. Nc3 d6 7. a4 h6 8. Bd2 Re8 9. a5 a6 10. h3 Bf8 11. Nh2 Be6 12. Ng4 Nxg4 13. hxg4 Qh4 14. Nd5 Bxg4 15. f3 Be6 16. Nxc7 d5 17. Be1 Qg5 18. Nxe6 Rxe6 19. Bxd5 Bc5+ 20. Bf2 Rg6 21. g4 Qf4 22. Kg2 Bxf2 23. Rxf2 h5 24. Kf1 Rh6 25. g5 Qxg5 26. c3 Rf6 27. Ke2 Ne7 28. Bc4 Ng6 29. Qh1 Rd8 30. Rd1 h4 31. Qh2 Nf4+ 32. Kf1 Rg6 33. Rdd2 h3 34. d4 Ng2 35. b3 Qe3 36. Rd1 Qxc3 37. Rfd2 Ne3+ 0-1

[Event "45th FIDE Olympiad 2024"]
[Site "Budapest"]
[Date "2024.09.13"]
[Round "3.242"]
[White "Mulenga, Prince Daniel"]
[Black "Lynch, Kemp"]
[Result "1-0"]
[ECO "D30"]
[WhiteElo "2184"]
[BlackElo "1944"]
[Annotator "RC"]
[PlyCount "117"]
[EventDate "2024.09.05"]
[EventType "team-tourn"]
[EventCountry "HUN"]
[SourceTitle "playchess.com"]
[Source "ChessBase"]
[SourceQuality "1"]
[WhiteTeam "Zambia"]
[BlackTeam "Barbados"]
[WhiteTeamCountry "ZAM"]
[BlackTeamCountry "BAR"]
[TimeControl "40/5400+30:1800+30"]

1. d4 d5 2. c4 e6 3. Nf3 c5 4. cxd5 exd5 5. g3 Nc6 6. Bg2 Nf6 7. O-O cxd4 8. Nxd4 Bc5 9. Nxc6 bxc6 10. Qc2 Qb6 11. Nc3 Be7 12. e4 d4 13. e5 dxc3 14. exf6 Bxf6 15. Qe4+ Be6 16. Be3 Qb5 17. Qxc6+ Qxc6 18. Bxc6+ Kd8 19. Bxa8 cxb2 20. Rad1+ Kc7 21. Bd5 Bf5 22. a4 Bc2 23. Ba2 Bxd1 24. Rxd1 g5 25. Rd5 Rb8 26. Rc5+ Kd6 27. Rb5 Rc8 28. Rd5+ Ke7 29. Rd1 a6 30. Kf1 Rc2 31. Bb1 Rc4 32. a5 h6 33. Ke2 Ra4 34. Bb6 Bc3 35. Bc2 Ra2 36. Rb1 Bxa5 37. Bxa5 Rxa5 38. Rxb2 Re5+ 39. Kd2 a5 40. Bd3 h5 41. Rb5 Kf6 42. f4 gxf4 43. gxf4 Rxb5 44. Bxb5 Kf5 45. Ke3 Kg4 46. Be2+ Kh3 47. Bxh5 f6 48. f5 Kxh2 49. Kd4 Kg3 50. Kc4 Kf4 51. Bg6 a4 52. Kb4 a3 53. Kxa3 Kg5 54. Kb4 Kh6 55. Kc5 Kg7 56. Kd6 Kf8 57. Ke6 Kg7 58. Ke7 Kh6 59. Kf7 1-0

[Event "45th FIDE Olympiad 2024"]
[Site "Budapest"]
[Date "2024.09.13"]
[Round "3.243"]
[White "Corbin, Philip"]
[Black "Kaoma, Micheal"]
[Result "1/2-1/2"]
[ECO "B23"]
[WhiteElo "1916"]
[BlackElo "2161"]
[Annotator "RC"]
[PlyCount "99"]
[EventDate "2024.09.05"]
[EventType "team-tourn"]
[EventCountry "HUN"]
[SourceTitle "playchess.com"]
[Source "ChessBase"]
[SourceQuality "1"]
[WhiteTeam "Barbados"]
[BlackTeam "Zambia"]
[WhiteTeamCountry "BAR"]
[BlackTeamCountry "ZAM"]
[TimeControl "40/5400+30:1800+30"]

1. e4 c5 2. Nc3 Nc6 3. f4 e6 4. Nf3 d5 5. Bb5 a6 6. Bxc6+ bxc6 7. d3 Qb6 8. b3 c4 9. Na4 Qb7 10. O-O cxd3 11. cxd3 dxe4 12. dxe4 Nf6 13. Qc2 c5 14. Re1 Bd7 15. Nc3 Be7 16. Ne5 Bb5 17. Be3 O-O 18. h3 Rac8 19. a4 Bc6 20. Bf2 Nd7 21. Nxc6 Rxc6 22. a5 Qc7 23. Nd5 Qd8 24. Nxe7+ Qxe7 25. Qc4 Rb8 26. Ra4 Qd6 27. Be3 Rc7 28. Qc2 Qc6 29. Rd1 h6 30. b4 c4 31. Bd4 Rcb7 32. Bc3 Nf6 33. Rd4 Rd7 34. Rxd7 Qxd7 35. Ra1 Qc6 36. Re1 Ne8 37. Qd2 Rc8 38. Qd4 Nf6 39. Kf2 Qc7 40. Kf3 Rd8 41. Qb6 Qxb6 42. axb6 Rd6 43. b7 Rb6 44. Rd1 Rxb7 45. Rd8+ Kh7 46. Rc8 Nd7 47. Rxc4 Nb6 48. Rc6 Na4 49. Bd2 Nb6 50. Be3 1/2-1/2

[Event "45th FIDE Olympiad 2024"]
[Site "Budapest"]
[Date "2024.09.13"]
[Round "3.244"]
[White "Hapaku, Charles"]
[Black "Edwards, Emar"]
[Result "1-0"]
[ECO "D31"]
[WhiteElo "2102"]
[BlackElo "1898"]
[Annotator "NA RC"]
[PlyCount "95"]
[EventDate "2024.09.05"]
[EventType "team-tourn"]
[EventCountry "HUN"]
[SourceTitle "playchess.com"]
[Source "ChessBase"]
[SourceQuality "1"]
[WhiteTeam "Zambia"]
[BlackTeam "Barbados"]
[WhiteTeamCountry "ZAM"]
[BlackTeamCountry "BAR"]
[TimeControl "40/5400+30:1800+30"]

1. c4 e6 2. Nc3 d5 3. d4 a6 4. e4 dxe4 5. Nxe4 Bb4+ 6. Nc3 Nf6 7. Nf3 c5 8. Be2 Nc6 9. Be3 cxd4 10. Nxd4 Bxc3+ 11. bxc3 e5 12. Nxc6 Qxd1+ 13. Rxd1 bxc6 14. Bc5 Bf5 15. Bd6 e4 16. O-O Rd8 17. Rfe1 Rd7 18. f3 Kd8 19. c5 Ne8 20. fxe4 Nxd6 21. cxd6 Bxe4 22. Bxa6 Re8 23. Bc4 f5 24. Re2 Ra7 25. Bb3 Kd7 26. Rdd2 Rf8 27. g4 g6 28. g5 Rb8 29. Re3 Ke8 30. Be6 Rb1+ 31. Kf2 Rab7 32. d7+ Kd8 33. Rh3 R1b2 34. Rxb2 Rxb2+ 35. Ke3 Kc7 36. Rxh7 Rb8 37. d8=Q+ Kxd8 38. Rh8+ Kc7 39. Rxb8 Kxb8 40. Bf7 Bb1 41. a3 Kc7 42. Kf4 Kb6 43. Bxg6 Ka5 44. Bxf5 Ba2 45. h4 Ka4 46. h5 Kxa3 47. h6 Bg8 48. g6 1-0

[Event "45th FIDE Olympiad 2024"]
[Site "Budapest"]
[Date "2024.09.13"]
[Round "3.245"]
[White "Santos Flores, Alberto"]
[Black "Alrehaili, Ahmed Abdullah S"]
[Result "1/2-1/2"]
[ECO "C54"]
[WhiteElo "2168"]
[BlackElo "2117"]
[Annotator "RC"]
[PlyCount "77"]
[EventDate "2024.09.05"]
[EventType "team-tourn"]
[EventCountry "HUN"]
[SourceTitle "playchess.com"]
[Source "ChessBase"]
[SourceQuality "1"]
[WhiteTeam "Ecuador"]
[BlackTeam "Saudi Arabia"]
[WhiteTeamCountry "ECU"]
[BlackTeamCountry "SAU"]
[TimeControl "40/5400+30:1800+30"]

1. e4 e5 2. Nf3 Nc6 3. Bc4 Bc5 4. c3 Nf6 5. d3 O-O 6. O-O d5 7. exd5 Nxd5 8. Re1 Bg4 9. Nbd2 Nb6 10. Ne4 Nxc4 11. Nxc5 Nd6 12. h3 Bh5 13. g4 Bg6 14. Nxe5 Nxe5 15. Rxe5 b6 16. Nb3 Nc4 17. Re1 Bxd3 18. Nd4 Bg6 19. b3 Nd6 20. Qf3 Re8 21. Rxe8+ Qxe8 22. Bf4 Rd8 23. Qe3 Qd7 24. Re1 Re8 25. Qc1 Ne4 26. Re3 c5 27. Nf3 f5 28. Ne5 Rxe5 29. Bxe5 fxg4 30. Qe1 Ng5 31. hxg4 Qxg4+ 32. Bg3 Be4 33. Qe2 Qxe2 34. Rxe2 Nf3+ 35. Kg2 Ng5+ 36. Kh2 Nf3+ 37. Kg2 Ng5+ 38. Kh2 Nf3+ 39. Kg2 1/2-1/2

[Event "45th FIDE Olympiad 2024"]
[Site "Budapest"]
[Date "2024.09.13"]
[Round "3.246"]
[White "Al Thebaiti, Ahmed M"]
[Black "Noboa Silva, Kevin"]
[Result "0-1"]
[ECO "C00"]
[WhiteElo "1993"]
[BlackElo "2270"]
[Annotator "RC"]
[PlyCount "82"]
[EventDate "2024.09.05"]
[EventType "team-tourn"]
[EventCountry "HUN"]
[SourceTitle "playchess.com"]
[Source "ChessBase"]
[SourceQuality "1"]
[WhiteTeam "Saudi Arabia"]
[BlackTeam "Ecuador"]
[WhiteTeamCountry "SAU"]
[BlackTeamCountry "ECU"]
[TimeControl "40/5400+30:1800+30"]

1. e4 c5 2. Nf3 e6 3. g3 Nc6 4. Bg2 Nf6 5. Qe2 d6 6. O-O Be7 7. c3 O-O 8. d3 Bd7 9. Nbd2 Rc8 10. a4 a6 11. Rd1 Qc7 12. h3 b5 13. axb5 axb5 14. Nf1 Ne5 15. Ne1 Bc6 16. f4 Ned7 17. Be3 Nb6 18. Bf2 Qb7 19. Nd2 Na4 20. e5 Nd7 21. Ndf3 Rfd8 22. Qc2 Qb8 23. b3 Nab6 24. exd6 Bxd6 25. d4 c4 26. b4 Nf6 27. Ne5 Bxg2 28. Nxg2 Qb7 29. d5 Nfxd5 30. Ra5 Bxe5 31. fxe5 Na4 32. Be1 Ra8 33. Rxa8 Qxa8 34. Rd4 Qb8 35. Rh4 h6 36. Rh5 Ne7 37. Bd2 Rd3 38. Kh2 Qd8 39. Be1 Ng6 40. Qc1 Qd5 41. g4 Qf3 0-1

[Event "45th FIDE Olympiad 2024"]
[Site "Budapest"]
[Date "2024.09.13"]
[Round "3.247"]
[White "Garzon Zapatanga, Christopher Leonel"]
[Black "Alshnaiber, Yazeed"]
[Result "1-0"]
[ECO "C63"]
[WhiteElo "2216"]
[BlackElo "1889"]
[Annotator "RC"]
[PlyCount "115"]
[EventDate "2024.09.05"]
[EventType "team-tourn"]
[EventCountry "HUN"]
[SourceTitle "playchess.com"]
[Source "ChessBase"]
[SourceQuality "1"]
[WhiteTeam "Ecuador"]
[BlackTeam "Saudi Arabia"]
[WhiteTeamCountry "ECU"]
[BlackTeamCountry "SAU"]
[TimeControl "40/5400+30:1800+30"]

1. e4 e5 2. Nf3 Nc6 3. Bb5 f5 4. d3 fxe4 5. dxe4 Nf6 6. O-O Bc5 7. Bxc6 bxc6 8. Nxe5 O-O 9. Nc3 d6 10. Nd3 Bd4 11. Ne2 Bb6 12. Bg5 Qe8 13. Bxf6 Rxf6 14. Ng3 Ba6 15. a4 Bd4 16. c3 Be5 17. Nxe5 Qxe5 18. Re1 Raf8 19. f3 c5 20. Qd2 h5 21. Nf5 g6 22. Ne3 Bb7 23. Rad1 Bc6 24. Nd5 Bxd5 25. Qxd5+ Qxd5 26. Rxd5 Rb8 27. Re2 Kf7 28. e5 Rf5 29. c4 Rb4 30. exd6 cxd6 31. Rxd6 Rxa4 32. b3 Ra1+ 33. Kf2 Rb1 34. Re3 Rb2+ 35. Kf1 Rb1+ 36. Ke2 Rg1 37. Kf2 Rb1 38. h4 g5 39. Rd5 Rxd5 40. cxd5 gxh4 41. d6 Rd1 42. Re5 Rxd6 43. Rxh5 Rd4 44. Rxc5 Rb4 45. Rc4 Rxc4 46. bxc4 Ke6 47. Ke3 a5 48. Kd4 Kd6 49. f4 a4 50. Kc3 Kc5 51. f5 Kd6 52. Kb4 Ke5 53. Kxa4 Kxf5 54. c5 Kg4 55. c6 Kg3 56. c7 Kxg2 57. c8=Q h3 58. Qg4+ 1-0

[Event "45th FIDE Olympiad 2024"]
[Site "Budapest"]
[Date "2024.09.13"]
[Round "3.248"]
[White "Khayat, Emad"]
[Black "Munoz Sanchez, Miguel"]
[Result "0-1"]
[ECO "E10"]
[WhiteElo "1907"]
[BlackElo "2181"]
[Annotator "RC"]
[PlyCount "68"]
[EventDate "2024.09.05"]
[EventType "team-tourn"]
[EventCountry "HUN"]
[SourceTitle "playchess.com"]
[Source "ChessBase"]
[SourceQuality "1"]
[WhiteTeam "Saudi Arabia"]
[BlackTeam "Ecuador"]
[WhiteTeamCountry "SAU"]
[BlackTeamCountry "ECU"]
[TimeControl "40/5400+30:1800+30"]

1. d4 Nf6 2. Nf3 e6 3. c4 c5 4. d5 b5 5. dxe6 fxe6 6. cxb5 d5 7. Nc3 Be7 8. e4 O-O 9. Bd3 Nbd7 10. O-O Bb7 11. Ng5 Qb6 12. exd5 exd5 13. Re1 Bd6 14. Ne6 c4 15. Nxf8 Rxf8 16. Bf1 Ng4 17. Be3 Bxh2+ 18. Kh1 Nxf2+ 19. Bxf2 Qxf2 20. Kxh2 Rf4 21. Qh5 Rh4+ 22. Qxh4 Qxh4+ 23. Kg1 Nf6 24. Be2 h5 25. Rad1 d4 26. Bxc4+ Kh8 27. Na4 Qg3 28. Re2 Ng4 29. Re8+ Kh7 30. Bd3+ g6 31. Re7+ Kh6 32. Be4 Qf2+ 33. Kh1 Qh4+ 34. Kg1 Qxe7 0-1

[Event "45th FIDE Olympiad 2024"]
[Site "Budapest"]
[Date "2024.09.13"]
[Round "3.249"]
[White "Njoroge, Martin"]
[Black "Wiedenkeller, Michael"]
[Result "0-1"]
[ECO "D28"]
[WhiteElo "1972"]
[BlackElo "2406"]
[Annotator "RC"]
[PlyCount "108"]
[EventDate "2024.09.05"]
[EventType "team-tourn"]
[EventCountry "HUN"]
[SourceTitle "playchess.com"]
[Source "ChessBase"]
[SourceQuality "1"]
[WhiteTeam "Kenya"]
[BlackTeam "Luxembourg"]
[WhiteTeamCountry "KEN"]
[BlackTeamCountry "LUX"]
[TimeControl "40/5400+30:1800+30"]

1. d4 d5 2. c4 dxc4 3. e3 Nf6 4. Bxc4 e6 5. Nf3 c5 6. O-O a6 7. Qe2 b5 8. Bd3 cxd4 9. exd4 Be7 10. Be3 O-O 11. Nbd2 Bb7 12. Rac1 Nbd7 13. Ne5 Rc8 14. Ndf3 Nb6 15. Rfd1 Qd5 16. Bb1 Rfd8 17. Nd3 Rxc1 18. Rxc1 Qh5 19. Nf4 Bxf3 20. gxf3 Qh4 21. Ng2 Qh5 22. Nf4 Qg5+ 23. Ng2 Qd5 24. Nf4 Qd7 25. Nd3 Rc8 26. Rd1 Nbd5 27. Nc5 Qc6 28. Ne4 Nh5 29. Qd3 g6 30. Qf1 Ndf4 31. Kh1 Qd5 32. Rc1 Rd8 33. a4 f5 34. Nd2 Bb4 35. Ne4 fxe4 36. fxe4 Qb7 37. Qd1 Rc8 38. Qg4 Rxc1+ 39. Bxc1 Qc7 40. Be3 Qc4 41. h3 Qf1+ 42. Kh2 Qxb1 43. Bxf4 Qxe4 44. Be5 Qxg4 45. hxg4 Ng7 46. axb5 axb5 47. Kg3 Ne8 48. Kf3 Nd6 49. b3 h5 50. Kg3 Ne4+ 51. Kf4 Nxf2 52. gxh5 Nd3+ 53. Kg5 Nxe5 54. dxe5 gxh5 0-1

[Event "45th FIDE Olympiad 2024"]
[Site "Budapest"]
[Date "2024.09.13"]
[Round "3.250"]
[White "Berend, Fred"]
[Black "Oluka, Robert Mcligeyo"]
[Result "0-1"]
[ECO "A32"]
[WhiteElo "2230"]
[BlackElo "1990"]
[Annotator "RC"]
[PlyCount "74"]
[EventDate "2024.09.05"]
[EventType "team-tourn"]
[EventCountry "HUN"]
[SourceTitle "playchess.com"]
[Source "ChessBase"]
[SourceQuality "1"]
[WhiteTeam "Luxembourg"]
[BlackTeam "Kenya"]
[WhiteTeamCountry "LUX"]
[BlackTeamCountry "KEN"]
[TimeControl "40/5400+30:1800+30"]

1. d4 Nf6 2. c4 e6 3. g3 Bb4+ 4. Bd2 Bxd2+ 5. Qxd2 d5 6. Bg2 O-O 7. Nf3 c5 8. O-O cxd4 9. cxd5 Nxd5 10. Nxd4 Nd7 11. Rd1 Qb6 12. Na3 N5f6 13. Nc4 Qa6 14. b3 Nc5 15. Qb4 Nce4 16. f3 Nd5 17. Qe1 Nec3 18. Rd3 b5 19. Ne3 b4 20. Ndc2 Qb6 21. Qf2 Ba6 22. Rd2 Nxe3 23. Nxe3 Rad8 24. Rc2 Qd4 25. Rac1 Rc8 26. Bf1 Rfd8 27. Kg2 h5 28. h4 Bb5 29. Nd1 Qxf2+ 30. Nxf2 Bd7 31. Nd3 a5 32. a3 Nd5 33. Rxc8 Bxc8 34. axb4 axb4 35. Kf2 Ba6 36. Ne5 Nc3 37. Nc6 Rd2 0-1

[Event "45th FIDE Olympiad 2024"]
[Site "Budapest"]
[Date "2024.09.13"]
[Round "3.251"]
[White "Wanasunia, Elvis Likoko"]
[Black "Mertens, Marc"]
[Result "1/2-1/2"]
[ECO "D96"]
[WhiteElo "1942"]
[BlackElo "2120"]
[Annotator "RC"]
[PlyCount "153"]
[EventDate "2024.09.05"]
[EventType "team-tourn"]
[EventCountry "HUN"]
[SourceTitle "playchess.com"]
[Source "ChessBase"]
[SourceQuality "1"]
[WhiteTeam "Kenya"]
[BlackTeam "Luxembourg"]
[WhiteTeamCountry "KEN"]
[BlackTeamCountry "LUX"]
[TimeControl "40/5400+30:1800+30"]

1. d4 Nf6 2. Nf3 g6 3. c4 Bg7 4. Nc3 d5 5. Qb3 dxc4 6. Qxc4 Be6 7. Qd3 O-O 8. e4 c6 9. h3 b5 10. Nd2 Na6 11. a3 Qb6 12. d5 Nc5 13. Qf3 cxd5 14. exd5 Bd7 15. g4 e6 16. Bg2 exd5 17. O-O Bc6 18. g5 Nfe4 19. Ndxe4 Nxe4 20. Be3 Qb7 21. Nxe4 dxe4 22. Qe2 a5 23. Rfd1 Rad8 24. Rac1 Rfe8 25. Qc2 Rc8 26. Qd2 a4 27. Bd4 Bxd4 28. Qxd4 e3 29. Rxc6 exf2+ 30. Qxf2 Rxc6 31. Rf1 Re7 32. Rd1 Rd7 33. Re1 Qb6 34. Bxc6 Qxc6 35. Qe3 Qd6 36. b4 axb3 37. Qxb3 Qc5+ 38. Qe3 Qxe3+ 39. Rxe3 Rd5 40. Rg3 Kf8 41. Kf2 Ke7 42. Ke3 Ke6 43. Ke4 Rc5 44. Kd3 Rc4 45. Rf3 Rh4 46. Ke3 Ke5 47. Kd2 Rf4 48. Rb3 Rd4+ 49. Ke3 Rd5 50. Kf3 Kd4 51. h4 Kc4 52. Rb4+ Kc5 53. Ke3 Rf5 54. Ke2 Re5+ 55. Kd2 Rd5+ 56. Kc3 Rf5 57. Re4 Rf3+ 58. Kb2 f6 59. gxf6 Rxf6 60. h5 Rf5 61. hxg6 hxg6 62. Rg4 g5 63. a4 bxa4 64. Rxa4 Kd6 65. Kc2 Rd5 66. Re4 Kc6 67. Kc3 Kc5 68. Ra4 Re5 69. Kd3 Kd6 70. Ra6+ Ke7 71. Kd4 Re1 72. Rg6 Rg1 73. Ke3 Kf7 74. Ra6 Rf1 75. Ke2 Rf5 76. Ke3 Rf4 77. Rb6 1/2-1/2